 Dungeon Crawl Stone Soup version 0.25.1-2-g60ff931df9 (webtiles) character file.

Game seed: 6560965888237995705

12014 Arcadio the Grappler (level 11, -7/94 HPs)
             Began as a Troll Monk on Dec 3, 2020.
             Was an Elder of Dithmenos.
             Mangled by an 11-headed hydra (9 damage)
             ... on level 1 of the Lair of Beasts.
             The game lasted 01:18:41 (9624 turns).

Arcadio the Grappler (Troll Monk)                   Turns: 9624, Time: 01:18:41

Health: -7/94      AC: 10    Str: 23    XL:     11   Next: 56%
Magic:  12/12      EV: 18    Int:  6    God:    Dithmenos [****..]
Gold:   248        SH:  0    Dex: 19    Spells: 7/10 levels left

rFire    . . .     SeeInvis .     - Unarmed
rCold    + + .     Gourm    +   (no shield)
rNeg     . . .     Faith    .   u - +2 robe {rC+}
rPois    .         Spirit   .   (helmet restricted)
rElec    .         Reflect  .   B - +1 cloak
rCorr    .         Harm     .   (gloves unavailable)
MR       .....                  (boots unavailable)
Stlth    +++.......             P - amulet of the acrobat
HPRegen  0.65/turn              i - ring of protection from cold
MPRegen  0.13/turn              q - +6 ring of dexterity

@: wreathed by umbra
A: large, unfitting armour, claws 3, fast metabolism 3, gourmand, regeneration
1, shaggy fur 1, tough skin 3
a: Shadow Step, Renounce Religion


You were on level 1 of the Lair of Beasts.
You worshipped Dithmenos.
Dithmenos was greatly pleased with you.
You were completely stuffed.

You visited 3 branches of the dungeon, and saw 13 of its levels.

You collected 668 gold pieces.
You spent 420 gold pieces at shops.

Inventory:

Hand Weapons
 f - a +5 dagger
 C - a +0 shortbow of flaming
 N - a +3 dagger of chaos
Missiles
 A - 2 javelins (quivered)
 D - 180 arrows
 M - 4 atropa-tipped darts
Armour
 u - a +2 robe of cold resistance (worn)
 B - a +1 cloak (worn)
 L - +0 acid dragon scales
Jewellery
 i - a ring of protection from cold (left claw)
 l - an uncursed ring of wizardry
 q - a +6 ring of dexterity (right claw)
 s - an uncursed ring of magical power {unknown}
 P - an amulet of the acrobat (around neck)
 R - an uncursed ring of positive energy
Wands
 w - a wand of iceblast (8)
 x - a wand of polymorph (14)
 E - a wand of paralysis (9)
 I - a wand of acid (7)
 K - a wand of enslavement (7)
Scrolls
 d - 2 scrolls of enchant weapon
 e - a scroll of fog {unknown}
 g - 10 scrolls of remove curse
 h - a scroll of identify
 m - 3 scrolls of fear
 r - 2 scrolls of enchant armour
 t - a scroll of amnesia
 v - a scroll of blinking {unknown}
 y - 2 scrolls of brand weapon {unknown}
 F - a scroll of silence {unknown}
 G - a scroll of immolation
 Q - a scroll of teleportation {unknown}
Potions
 c - 6 potions of curing
 j - a potion of berserk rage
 k - a potion of mutation
 n - a potion of ambrosia
 o - 6 potions of heal wounds
 p - 2 potions of haste
 z - 2 potions of cancellation
 H - 3 potions of magic
 J - 2 potions of lignification {unknown}
 O - a potion of flight
Comestibles
 a - 10 chunks of flesh
 b - 23 rations


   Skills:
 - Level 2.4 Fighting
 + Level 11.0 Dodging
 - Level 1.0 Stealth
 + Level 12.8 Unarmed Combat
 + Level 3.7 Invocations


You had 7 spell levels left.
You knew the following spells:

 Your Spells              Type           Power        Failure   Level  Hunger
a - Animate Skeleton      Necr           N/A          45%         1    ##.....
b - Pain                  Necr           #...         45%         1    ##.....
c - Freeze                Ice            #...         45%         1    ##.....

Your spell library contained the following spells:

 Spells                   Type           Power        Failure   Level  Hunger
 Frozen Ramparts          Ice            #.....       83%         3    ####...
 Ozocubu's Armour         Chrm/Ice       #.......     83%         3    ####...
 Vampiric Draining        Necr           #.........   83%         3    ####...
 Animate Dead             Necr           N/A          99%         4    #####..
 Hailstorm                Conj/Ice       #.......     99%         4    #####..
 Summon Ice Beast         Ice/Summ       #.......     99%         4    #####..
 Agony                    Necr           #.......     100%        5    ######.


Dungeon Overview and Level Annotations

Branches:
Dungeon (11/15)            Temple (1/1) D:4            Lair (1/6) D:11
    Orc: D:9-12

Altars:
Ashenzari
Cheibriados
Dithmenos
Elyvilon
Fedhas
Gozag
Hepliaklqana
Kikubaaqudgha
Makhleb
Nemelex Xobeh
Okawaru
Qazlal
Ru
Sif Muna
Trog
Uskayaw
Vehumet
Wu Jian
Xom
Yredelemnul
Zin
The Shining One

Shops:
D:9 =   D:10 *


Innate Abilities, Weirdness & Mutations

You are too large for most types of armour.
You have claws for hands.
Your metabolism is lightning-fast.
You like to eat raw meat.
Your natural rate of healing is unusually fast.
You are covered in fur. (AC +1)
You have extremely tough skin. (AC +3)


Message History

The 11-headed hydra is almost dead.
The 11-headed hydra misses you.
The 11-headed hydra bites you but does no damage.
The 11-headed hydra misses you. The 11-headed hydra closely misses you.
The 11-headed hydra bites you!
* * * LOW HITPOINT WARNING * * *
The 11-headed hydra closely misses you. The 11-headed hydra bites you.
* * * LOW HITPOINT WARNING * * *
The 11-headed hydra bites you but does no damage.
The 11-headed hydra barely misses you. x2
The 11-headed hydra bites you but does no damage.
You feel much better. The 11-headed hydra bites you.
* * * LOW HITPOINT WARNING * * *
The 11-headed hydra closely misses you. The 11-headed hydra bites you!
* * * LOW HITPOINT WARNING * * *
The 11-headed hydra bites you but does no damage.
The 11-headed hydra bites you!
* * * LOW HITPOINT WARNING * * *
The 11-headed hydra bites you!
You die...

.............≈≈≈...... .
.............≈#≈........
.......#...#.≈≈≈.......#
.............≈≈≈.##....#
.......#...#.....##....#
##..#.##...##...##.....#
...........#............
.................D.....P
#...............@......#
#.#..#####..##...##..#.#
..#..##.#..#............
........................
........................
.........÷..............
..####.#####............
#P# ### ####P########
### ###


You could see a 11-headed hydra.

Vanquished Creatures
  2 two-headed ogres
  An unseen horror (D:11)
  Joseph (D:10)
  Psyche (D:9)
  Maggie (D:8)
  A spiny frog (Lair:1)
  A komodo dragon (Lair:1)
  A hornet (D:9)
  Grinder (D:6)
  5 hippogriffs
  4 yaks (D:11)
  A wyvern (D:9)
  2 hungry ghosts (D:10)
  2 soldier ants (D:10)
  A water moccasin (Lair:1)
  A sky beast (D:9)
  4 porcupines
  2 orc warriors
  A black bear (D:8)
  An ice beast (D:10)
  2 phantoms
  9 ogres
  8 centaurs
  4 wolves (Lair:1)
  4 crocodiles (D:11)
  Blork the orc (D:3)
  A big kobold (D:8)
  5 bullfrogs
  A wyvern zombie (D:5)
  6 scorpions
  12 killer bees
  4 wights (D:6)
  4 crimson imps
  7 howler monkeys
  A bullfrog zombie (D:4)
  A centaur skeleton (D:4)
  5 hounds
  5 orc priests (D:8)
  A bullfrog skeleton (D:6)
  3 jellies
  8 worker ants
  5 orc wizards
  A hound zombie (D:4)
  2 hound skeletons (D:4)
  A howler monkey zombie (D:4)
  4 worker ant zombies
  Robin (D:3)
  12 gnolls
  11 adders
  2 oozes
  2 adder zombies (D:4)
  An adder skeleton (D:4)
  4 worms
  2 dart slugs
  5 leopard geckos
  34 orcs
  6 giant cockroaches
  17 goblins
  9 hobgoblins
  7 jackals
  4 quokkas
  A ball python (D:2)
  9 bats
  5 frilled lizards
  A giant cockroach zombie (D:4)
  2 gnoll zombies (D:9)
  A jackal skeleton (D:7)
  11 kobolds
  2 quokka zombies (D:4)
  6 rats
294 creatures vanquished.

Notes
Turn   | Place    | Note
-------+----------+-------------------------------------------
     0 | D:1      | Arcadio the Troll Monk began the quest for the Orb.
     0 | D:1      | Reached XP level 1. HP: 22/22 MP: 0/0
   101 | D:1      | Reached XP level 2. HP: 26/29 MP: 1/1
   253 | D:1      | Reached XP level 3. HP: 36/36 MP: 2/2
  1402 | D:2      | Found a shattered altar of Ashenzari.
  1574 | D:2      | Reached skill level 4 in Unarmed Combat
  1688 | D:2      | Reached XP level 4. HP: 44/44 MP: 3/3
  1954 | D:2      | Found a shadowy altar of Dithmenos.
  2103 | D:2      | Became a worshipper of Dithmenos the Shadowed
  2103 | D:2      | Reached * piety under Dithmenos
  2103 | D:2      | Reached ** piety under Dithmenos
  2208 | D:3      | Found a hide-covered altar of Uskayaw.
  2209 | D:3      | Noticed a +0 hand axe
  2209 | D:3      | Noticed a +0 dagger
  2250 | D:3      | Noticed Robin
  2276 | D:3      | Reached XP level 5. HP: 50/50 MP: 4/4
  2281 | D:3      | Killed Robin
  2647 | D:3      | Found an opulent altar of Gozag.
  2850 | D:4      | Noticed an ogre
  2856 | D:3      | Killed an ogre
  2856 | D:3      | Reached skill level 5 in Unarmed Combat
  2856 | D:3      | Reached XP level 6. HP: 48/59 MP: 5/5
  3100 | D:4      | Reached *** piety under Dithmenos
  3119 | D:4      | Found a staircase to the Ecumenical Temple.
  3150 | Temple   | Entered the Ecumenical Temple
  3412 | D:4      | Reached skill level 5 in Dodging
  3412 | D:4      | Reached skill level 6 in Unarmed Combat
  3415 | D:4      | Reached XP level 7. HP: 44/66 MP: 6/6
  3594 | D:4      | Found a glowing silver altar of Zin.
  3711 | D:4      | Noticed Blork the orc
  3738 | D:3      | Killed Blork the orc
  3752 | D:3      | Found a snail-covered altar of Cheibriados.
  3874 | D:5      | Entered Level 5 of the Dungeon
  3991 | D:5      | Reached skill level 7 in Unarmed Combat
  4033 | D:5      | Reached XP level 8. HP: 59/74 MP: 7/7
  4323 | D:5      | Reached **** piety under Dithmenos
  4902 | D:6      | Noticed Grinder
  4958 | D:6      | Killed Grinder
  4958 | D:6      | Reached skill level 8 in Unarmed Combat
  5114 | D:6      | Found an iron altar of Okawaru.
  5359 | D:6      | Reached XP level 9. HP: 31/80 MP: 8/8
  5464 | D:6      | Reached skill level 9 in Unarmed Combat
  5837 | D:7      | Learned a level 1 spell: Animate Skeleton
  5839 | D:7      | Learned a level 1 spell: Pain
  5841 | D:7      | Learned a level 1 spell: Freeze
  6152 | D:8      | Noticed a two-headed ogre
  6157 | D:8      | Killed a two-headed ogre
  6157 | D:8      | Reached skill level 10 in Unarmed Combat
  6384 | D:8      | Found a glowing golden altar of the Shining One.
  6384 | D:8      | Found a sparkling altar of Nemelex Xobeh.
  6452 | D:8      | Noticed Maggie
  6461 | D:8      | Killed Maggie
  6587 | D:8      | Reached XP level 10. HP: 73/88 MP: 9/9
  7086 | D:9      | Noticed a two-headed ogre
  7107 | D:9      | Noticed Psyche
  7191 | D:9      | Killed Psyche
  7191 | D:9      | Reached skill level 11 in Unarmed Combat
  7526 | D:9      | Found Fevar's Jewellery Shoppe.
  7548 | D:9      | Killed a two-headed ogre
  7754 | D:9      | Found a basalt altar of Yredelemnul.
  7887 | D:9      | Paralysed by a hornet for 3 turns
  7894 | D:9      | Reached skill level 10 in Dodging
  8053 | D:9      | Bought an uncursed amulet of the acrobat for 420 gold
                  | pieces
  8075 | D:10     | Entered Level 10 of the Dungeon
  8370 | D:10     | Noticed Joseph
  8381 | D:10     | Killed Joseph
  8381 | D:10     | Reached skill level 12 in Unarmed Combat
  8522 | D:10     | Reached XP level 11. HP: 79/94 MP: 10/10
  8586 | D:10     | Found Miushis's Lightly-Used Armoury.
  8973 | D:11     | Reached skill level 1 in Invocations
  9108 | D:11     | Found a staircase to the Lair.
  9195 | D:11     | Noticed a cyan ugly thing
  9265 | D:11     | Killed an unseen horror
  9293 | Lair:1   | Entered Level 1 of the Lair of Beasts
  9545 | Lair:1   | Noticed a five-headed hydra
  9623 | Lair:1   | HP: 1/94 [11-headed hydra (6)]
  9624 | Lair:1   | Mangled by an 11-headed hydra

Illustrated notes

Levels and vault maps discovered:
D:1:      lightli_molten_gateway, layout_loops_ring, serial_rivers,
          chequers_serial_rivers_room_b, chequers_serial_rivers_small_3,
          chequers_serial_rivers_micro_a, chequers_serial_rivers_micro_e,
          chequers_serial_rivers_room_b
D:2:      layout_basic, ashenzari_conservatory_becter, marbit_many_paths
D:3:      layout_basic, dancing_weapons_uskayaw, nicolae_overflow_hidden_temple,
          nicolae_gozag_cash_rules_everything_around_me, uniq_robin
D:4:      layout_cave_pods, zin_treasury, minmay_temple_entry_drinking_statues,
          first_ration, serial_undead, serial_undead_f, serial_undead_f,
          serial_undead_e, serial_undead_f, serial_undead_f,
          kennysheep_another_room, uniq_blork_the_orc
D:5:      layout_loops_corners
D:6:      layout_rooms, lemuel_crystal_altar, uniq_grinder
D:7:      layout_rooms
D:8:      layout_basic, chequers_temple_overflow_statue_of_worship, uniq_maggie
D:9:      layout_rooms, lemuel_zombie_altar_yredelemnul, serial_shops, shop,
          uniq_psyche
D:10:     layout_small_grid, hangedman_pestilent_swarm, minmay_shop_damaged,
          uniq_joseph
D:11:     layout_rooms, minmay_lair_entry_grove, david_orc_5
Temple:   nicolae_temple_no_exploring_needed
Lair:1:   layout_gridlike, grunt_forest_stairs_basic,
          hangedman_lair_generics_rect

Skill      XL: |  1  2  3  4  5  6  7  8  9 10 11 |
---------------+----------------------------------+-----
Dodging        | 3 4 5 6 7 9 10 11 | 11.0
Unarmed Combat | 4 5 6 7 8 10 12 | 12.8
Invocations    | 3 |  3.7
Fighting       | |  2.4
Stealth        | |  1.0

Action                   |  1- 3 |  4- 6 |  7- 9 | 10-12 || total
-------------------------+-------+-------+-------+-------++-------
Melee: Unarmed           |   117 |   213 |   257 |   326 ||   913
       Punch             |       |     5 |    11 |    19 ||    35
Throw: Stone             |       |       |     3 |       ||     3
Invok: Shadow Step       |       |     1 |     9 |     2 ||    12
  Use: Scroll            |     2 |     7 |     6 |     6 ||    21
       Potion            |       |       |     2 |     3 ||     5
 Stab: Sleeping          |     4 |     2 |    10 |     8 ||    24
       Distracted        |       |       |     2 |       ||     2
  Eat: Chunk             |    21 |    12 |    33 |    33 ||    99
Armor: Robe              |    37 |    52 |    46 |    66 ||   201
Dodge: Dodged            |    60 |   138 |   226 |   331 ||   755
